AoeStats
← taki英语课睡觉

African Clearing

510738764Analyzed
3v3 RM · 11h ago on Oct 2, 2026· 43m 42s· 6 players
Game mode
Random Map
Map size
Normal (6 player)
Population
200
Speed
Normal
Resources
Standard
Victory
Conquest
Starting age
Dark Age
Ending age
Imperial Age
RankedLock teamsTeams togetherTeam positionsShared explorationLock speedFull tech treeHidden civsTurbo modeCheats
Victory
Defeat
🇨🇳 Malians · China
1320
+16
🇭🇰 Persians · Hong Kong SAR China
1316
+16
1282
+18
🇪🇸 Vietnamese · Spain
1368
-18
🇫🇷 Mongols · France
1353
-18
🇦🇺 Khitans · Australia
1254
-14
Soyo不用學英文
8:55 Loom
14:02 Feudal Age
15:13 Town Watch
17:55 Castle Age
15:56 Double-Bit Axe
16:36 Forging
17:15 Scale Barding Armor
23:19 Wheelbarrow
23:26 Husbandry
23:59 Bow Saw
27:50 Chain Barding Armor
29:58 Bloodlines
31:09 Horse Collar
33:44 Gold Mining
34:11 Hand Cart
36:24 Gold Shaft Mining
36:33 Fletching
40:21 Imperial Age
39:29 Iron Casting
40:32 Heavy Camel Rider
41:51 Plate Barding Armor
41:22 Farimba
43:05 Conscription
以前我带你们游牧
3:38 Loom
13:02 Feudal Age
16:37 Castle Age
14:40 Double-Bit Axe
26:23 Scale Barding Armor
26:51 Horse Collar
29:40 Wheelbarrow
30:40 Bow Saw
31:33 Hand Cart
36:15 Imperial Age
34:02 Town Watch
34:19 Fletching
34:54 Padded Archer Armor
35:01 Bodkin Arrow
35:28 Ballistics
37:05 Bloodlines
36:56 Husbandry
36:35 Cranequins
37:51 Bracer
38:59 Chemistry
39:53 Leather Archer Armor
40:19 Conscription
40:34 Heavy Mounted Crossbowman
41:54 Ring Archer Armor
taki英语课睡觉
6:18 Loom
13:04 Feudal Age
17:00 Castle Age
15:14 Double-Bit Axe
16:08 Horse Collar
18:27 Bow Saw
20:18 Wheelbarrow
22:39 Stone Mining
22:43 Fishing Lines
23:48 Fletching
28:05 Gillnets
34:06 Imperial Age
32:36 Forging
33:02 Scale Barding Armor
33:14 Hand Cart
33:47 Bloodlines
33:38 Husbandry
34:18 Iron Casting
33:56 Gold Mining
34:29 Chain Barding Armor
33:43 Cavalier
36:04 Blast Furnace
35:37 Conscription
35:15 Savar
37:51 Gold Shaft Mining
39:20 Plate Barding Armor
El_diouf
4:20 Loom
13:16 Feudal Age
17:15 Castle Age
15:15 Stone Mining
15:13 Double-Bit Axe
16:30 Fletching
16:52 Forging
18:16 Horse Collar
23:31 Town Watch
25:19 Padded Archer Armor
25:25 Husbandry
26:11 Bodkin Arrow
32:05 Bloodlines
33:50 Wheelbarrow
34:17 Gold Mining
35:03 Stone Shaft Mining
38:07 Imperial Age
36:14 Leather Archer Armor
36:36 Scale Barding Armor
37:06 Thumb Ring
38:50 Heavy Plow
39:11 Conscription
38:52 Bracer
38:33 Capped Ram
40:44 Chain Barding Armor
39:45 Light Cavalry
40:47 Crossbowman
41:43 Elite Mangudai
42:07 Hussar
[KBRA] EagleK
5:57 Loom
13:09 Feudal Age
17:56 Castle Age
18:06 Double-Bit Axe
20:02 Fletching
22:33 Gold Mining
32:35 Bodkin Arrow
33:27 Horse Collar
35:16 Wheelbarrow
39:18 Bow Saw
39:13 Heavy Plow
40:55 Padded Archer Armor
43:26 Imperial Age
42:01 Ballistics
41:05 Crossbowman
42:42 Thumb Ring
JSJE
5:06 Loom
12:17 Feudal Age
17:22 Castle Age
15:45 Double-Bit Axe
15:45 Domestication
17:13 Forging
18:29 Bow Saw
22:17 Husbandry
22:41 Town Watch
24:46 Scale Barding Armor
26:19 Chain Barding Armor
30:40 Pastoralism
31:56 Iron Casting
32:23 Fletching
34:01 Wheelbarrow
38:38 Imperial Age
38:49 Heavy Camel Rider
40:32 Plate Barding Armor
Connection lost

Rejoining the realm…

Still unreachable

The connection could not be restored.

Session expired

The server has moved on; the page needs a fresh start.